 Dungeon Crawl Stone Soup version 0.23.2-30-g0e89c35649 (webtiles) character file.

Game seed: 737405761876515146

1684 dvd the Firebug (level 9, -5/54 HPs)
             Began as an Octopode Fire Elementalist on June 23, 2019.
             Shot with an arrow by a centaur (17 damage)
             ... on level 6 of the Dungeon.
             The game lasted 00:19:33 (7753 turns).

dvd the Firebug (Octopode Fire Elementalist)        Turns: 7753, Time: 00:19:34

Health: -5/54      AC:  3    Str:  7    XL:     9   Next: 2%
Magic:  15/17      EV: 14    Int: 21    God:
Gold:   225        SH:  0    Dex: 12    Spells: 5/19 levels left

rFire    . . .     SeeInvis +   A - +1 hand axe (flame)
rCold    . . .     Gourm    .   (no shield)
rNeg     . . .     Faith    .   w - +2 hat
rPois    +         Spirit   .   (no amulet)
rElec    .         Reflect  .   f - ring of see invisible
rCorr    .         Harm     .   m - ring of poison resistance
MR       +....                  E - ring of protection from magic
Stlth    +++.......             (no ring)
HPRegen  0.18/turn              (no ring)
MPRegen  0.15/turn              (no ring)
                                (no ring)
                                (no ring)

@: no status effects
A: almost no armour, stealthy swim, amphibious, 8 rings, constrict 8, camouflage
1, gelatinous body 1
a: no special abilities


You were on level 6 of the Dungeon.
You were hungry.

You visited 1 branch of the dungeon, and saw 6 of its levels.

You collected 225 gold pieces.

Inventory:

Hand Weapons
 a - a +0 mace
 h - a +1 dagger of chaos
 n - a +0 hunting sling of flaming
 r - a +0 hand axe
 u - a +0 rapier
 A - a +1 hand axe of flaming (weapon)
 B - a +0 war axe
Armour
 w - a +2 hat (worn)
Jewellery
 f - a ring of see invisible (left tentacle)
 m - a ring of poison resistance (right tentacle)
 x - an uncursed ring of ice
 E - a ring of protection from magic (on tentacle)
Wands
 z - a wand of acid (9)
 F - a wand of iceblast (9)
Scrolls
 c - 3 scrolls of magic mapping {unknown}
 d - 2 scrolls of immolation {unknown}
 e - 6 scrolls of identify {unknown}
 k - 2 scrolls of remove curse {unknown}
 o - a scroll of fear {unknown}
 p - a scroll of blinking {unknown}
 q - a scroll of fog {unknown}
 s - a scroll of amnesia {unknown}
 t - 2 scrolls of enchant armour {unknown}
 y - 2 scrolls of teleportation {unknown}
 C - a scroll of enchant weapon {unknown}
Potions
 g - 3 potions of magic {unknown}
 i - 3 potions of heal wounds {unknown}
 j - a potion of berserk rage {unknown}
 l - 2 potions of curing {unknown}
 v - a potion of lignification {unknown}
Comestibles
 b - 14 rations
 D - 9 chunks of flesh


   Skills:
 + Level 1.9 Fighting
 + Level 0.9(1.6) Axes
 + Level 2.2(2.3) Maces & Flails
 + Level 3.4 Dodging
 - Level 2.9 Stealth
 + Level 5.6 Spellcasting
 + Level 5.8 Conjurations
 + Level 6.5 Fire Magic


You had 5 spell levels left.
You knew the following spells:

 Your Spells              Type           Power        Failure   Level  Hunger
a - Flame Tongue          Conj/Fire      ####.        1%          1    None
b - Throw Flame           Conj/Fire      ####..       1%          2    None
c - Sticky Flame          Conj/Fire      ####....     8%          4    ####...
d - Fireball              Conj/Fire      ####......   22%         5    #####..
e - Throw Frost           Conj/Ice       ###...       4%          2    None

Your spell library contained the following spells:

 Spells                   Type           Power        Failure   Level  Hunger
 Conjure Flame            Conj/Fire      ####....     2%          3    ##.....
 Inner Flame              Hex/Fire       ###.....     8%          3    ##.....
 Freeze                   Ice            #...         11%         1    None
 Ozocubu's Armour         Chrm/Ice       #.......     30%         3    ##.....
 Throw Icicle             Conj/Ice       ###.....     30%         4    ####...
 Summon Ice Beast         Ice/Summ       #.......     71%         4    ####...


Dungeon Overview and Level Annotations

Branches:
Dungeon (6/15)
 Temple: D:4-7

Altars:
Dithmenos
Ru
Xom

Shops:
D:4 **!(:


Innate Abilities, Weirdness & Mutations

You cannot wear most types of armour.
You are very stealthy in the water. (Stealth+)
You are amphibious.
You can wear up to eight rings at the same time.
You can use your tentacles to constrict eight enemies at once.
Your skin changes colour to match your surroundings (Stealth+).
Your rubbery body absorbs attacks. (AC +1, EV +1)


Message History

Unknown command.
Unknown command.
The centaur shoots an arrow.
The arrow completely misses you.
You see here an arrow.
The centaur shoots an arrow.
The arrow hits you!
You see here an arrow.
A worker ant comes into view.
The centaur shoots an arrow.
The arrow hits you.
The centaur shoots an arrow.
The arrow closely misses you.
You see here an arrow.
The gnoll hits you with a +0 flail!
The centaur shoots an arrow.
The arrow hits you.
You see here an arrow.
Some of the chunks of flesh in your inventory have rotted away.
The centaur shoots an arrow.
The arrow misses you.
The centaur shoots an arrow.
The arrow hits you!
* * * LOW HITPOINT WARNING * * *
You see here 2 arrows.
The centaur shoots an arrow.
The arrow hits you!
You die...

...........#..................
..............#..#.......#####
........................<#
................##.......#
..........###.####.).....#
...........)..()......##.#
..........###.##).....##.#####
..........###.##(.............
.............@##..........####
............#(##..........# #
............#..#..........# #
....(.......g.#..........# #
................o[#..........#
.............#....######.....#
.............#.........#.....#
..a..........c......(..#.....#
...........o###........#######


You could see an orc warrior, a centaur and a gnoll.

Vanquished Creatures
  2 ice beasts (D:5)
  2 ogres
  A sky beast (D:6)
  2 centaurs
  5 crimson imps
  A hound (D:5)
  7 orc priests
  A bullfrog skeleton (D:6)
  11 orc wizards
  3 worker ants (D:4)
  Robin (D:4)
  9 gnolls
  2 adders
  A shadow imp (D:5)
  A worm (D:4)
  An adder skeleton (D:4)
  4 dart slugs
  3 leopard geckos
  23 orcs
  3 ball pythons
  11 bats
  3 giant cockroaches
  22 goblins
  11 hobgoblins
  4 jackals (D:1)
  2 quokkas
  A ball python zombie (D:5)
  4 frilled lizards
  7 kobolds
  A quokka zombie (D:5)
  10 rats
159 creatures vanquished.

Notes
Turn   | Place    | Note
-------+----------+-------------------------------------------
     0 | D:1      | dvd the Octopode Fire Elementalist began the quest for the
                  | Orb.
     0 | D:1      | Reached XP level 1. HP: 11/11 MP: 3/3
   150 | D:1      | Reached XP level 2. HP: 5/17 MP: 0/5
   501 | D:1      | Learned a level 2 spell: Throw Flame
  1095 | D:1      | Reached XP level 3. HP: 20/21 MP: 3/6
  1391 | D:2      | Found a shadowy altar of Dithmenos.
  2080 | D:2      | Reached XP level 4. HP: 20/27 MP: 2/7
  2193 | D:2      | Learned a level 4 spell: Sticky Flame
  2567 | D:3      | Reached skill level 4 in Fire Magic
  2567 | D:3      | Reached XP level 5. HP: 24/31 MP: 0/9
  3863 | D:3      | Found a faded altar of an unknown god.
  3929 | D:4      | Found Kuafil's Weapon Emporium.
  4044 | D:4      | Noticed Robin
  4045 | D:4      | Reached XP level 6. HP: 36/36 MP: 6/10
  4059 | D:4      | Killed Robin
  4211 | D:4      | Paralysed by a goblin for 6 turns
  4408 | D:4      | Found Alorishri's Book Emporium.
  4452 | D:4      | Found a shimmering altar of Xom.
  4758 | D:4      | Reached XP level 7. HP: 36/42 MP: 12/12
  4934 | D:4      | Reached skill level 1 in Maces & Flails
  4934 | D:4      | Reached skill level 5 in Fire Magic
  5046 | D:4      | Found a sacrificial altar of Ru.
  5059 | D:4      | Reached skill level 1 in Fighting
  5469 | D:4      | Learned a level 5 spell: Fireball
  5766 | D:4      | Found Abekacw's Assorted Antiques.
  5766 | D:4      | Found Neopnaps's Assorted Antiques.
  6032 | D:4      | Found Kauf's Distillery.
  6081 | D:5      | Entered Level 5 of the Dungeon
  6270 | D:5      | Reached XP level 8. HP: 39/48 MP: 7/14
  6565 | D:5      | Reached skill level 5 in Conjurations
  6770 | D:5      | Reached skill level 5 in Spellcasting
  7098 | D:5      | Learned a level 2 spell: Throw Frost
  7150 | D:5      | Reached skill level 6 in Fire Magic
  7672 | D:6      | Reached XP level 9. HP: 54/54 MP: 12/17
  7753 | D:6      | Shot with an arrow by a centaur

Skill      XL: |  1  2  3  4  5  6  7  8 |
---------------+-------------------------+-----
Conjurations   | 3 4 5 |  5.8
Fire Magic     | 4 5 6 |  6.5
Spellcasting   | 3 4 5 |  5.6
Maces & Flails | 1 2 |  2.2
Fighting       | 1 |  1.9
Dodging        | 3 |  3.4
Axes           | |  0.9
Stealth        | |  2.9

Action                   |  1- 3 |  4- 6 |  7- 9 || total
-------------------------+-------+-------+-------++-------
Melee: Unarmed           |    12 |       |       ||    12
       Constrict         |     8 |    15 |    14 ||    37
       Tentacles         |     3 |    11 |     2 ||    16
       Club              |     2 |       |       ||     2
       Mace              |     9 |    38 |    39 ||    86
       Hand axe          |       |       |    25 ||    25
 Cast: Flame Tongue      |    53 |    68 |    73 ||   194
       Throw Flame       |    12 |    29 |    30 ||    71
       Sticky Flame      |       |     2 |    11 ||    13
       Fireball          |       |       |     1 ||     1
Evoke: Wand              |       |       |     4 ||     4
 Stab: Sleeping          |     2 |       |       ||     2
  Eat: Chunk             |     5 |    10 |    11 ||    26
Armor: Skin              |     7 |     8 |     8 ||    23
Dodge: Dodged            |    44 |    42 |    69 ||   155
